 Dungeon Crawl Stone Soup version 0.17-a0-1701-gf693a3f (webtiles) character file.

112 hexophile the Sneak (level 4, -10/23 HPs)
             Began as a Spriggan Monk on Aug 22, 2015.
             Was a Believer of Qazlal.
             Killed by nerve-wracking pain
             ... invoked by an orc priest
              (14 damage)
             ... on level 3 of the Dungeon.
             The game lasted 00:03:28 (2228 turns).

hexophile the Sneak (Spriggan Monk)                 Turns: 2228, Time: 00:03:28

Health: -10/23     AC:  2    Str:  7    XL:     4   Next: 63%
Magic:  3/5        EV: 20    Int: 11    God:    Qazlal [**....]
Gold:   80         SH:  2    Dex: 19    Spells: 0 memorised, 3 levels left

rFire  . . .     SeeInvis +       - Unarmed
rCold  . . .     Clarity  .     a - +0 robe
rNeg   . . .     SustAt   .     (shield restricted)
rPois  .         Gourm    .     (helmet restricted)
rElec  .         Spirit   .     (no cloak)
rCorr  .         Warding  .     (gloves unavailable)
rMut   .         Stasis   .     (boots unavailable)
MR     .....                    (no amulet)
Stlth  +++.......               (no ring)
                                (no ring)

@: very quick, not resistant to hostile enchantments, fairly stealthy
A: unfitting armour, see invisible, herbivore 3, speed 3, slow metabolism 2
a: Upheaval, Renounce Religion


You were on level 3 of the Dungeon.
You worshipped Qazlal.
Qazlal was pleased with you.
You were not hungry.

You visited 1 branch of the dungeon, and saw 3 of its levels.

You collected 80 gold pieces.

Inventory:

Missiles
 c - 120 stones (quivered)
Armour
 a - a +0 robe (worn)
Magical devices
 k - a wand of fireball (1)
Scrolls
 g - 2 scrolls of blinking {unknown}
 i - 3 scrolls of amnesia {unknown}
 m - a scroll of remove curse {unknown}
Potions
 d - a potion of lignification {unknown}
 f - a potion of agility {unknown}
 h - a potion of cancellation {unknown}
 j - a potion of magic {unknown}
 l - a potion of might {unknown}
Books
 n - a book of Envenomations

   Spells                             Type                      Level
   a - Spider Form                    Transmutation/Poison         3
   b - Alistair's Intoxication        Transmutation/Poison         4
   c - Olgreb's Toxic Radiance        Poison                       4
   d - Poisonous Cloud                Conjuration/Poison/Air       6
Miscellaneous
 e - a plain deck of destruction {drawn: 2}
Comestibles
 b - 2 bread rations


   Skills:
 - Level 2.4 Fighting
 - Level 4.4 Dodging
 + Level 6.5 Stealth
 - Level 3.7 Unarmed Combat
 + Level 1.1 Invocations


You had 3 spell levels left.
You didn't know any spells.

Dungeon Overview and Level Annotations

Branches:
Dungeon (3/15)

Altars:
Fedhas
Nemelex Xobeh
Qazlal


Innate Abilities, Weirdness & Mutations

You are tiny and cannot use many weapons and most armour.
You have supernaturally acute eyesight.
You are a herbivore.
You cover ground extremely quickly.
You need consume almost no food.


Message History

The orc priest closely misses you.
You hit the orc priest.
The orc priest is severely wounded.
The orc priest hits you.
* * * LOW HITPOINT WARNING * * *
You barely miss the orc priest.
The orc priest is severely wounded.
The orc priest completely misses you.
You hit the orc priest.
The orc priest is almost dead.
The orc priest barely misses you.
You hit the orc priest but do no damage.
The orc priest is almost dead.
The orc priest barely misses you.
You closely miss the orc priest.
The orc priest is almost dead.
The orc priest calls down the wrath of Beogh upon you.
Pain shoots through your body!
Ouch! That really hurt!
You die...

#.# #. # ##.# #.
##. .## #. #.♣ ###
♣.#######. #.##..
#.#.......
#.#.♣.♣$#.#.######
#.)).>.(#...# #o#
#.### #@# #.#
#.♣#####♣.#
##.......##
#########


You could see an orc priest.

Vanquished Creatures
  An orc wizard (D:3)
  2 adders (D:2)
  2 worms (D:2)
  3 orcs (D:3)
  7 bats
  2 giant cockroaches
  5 goblins
  7 hobgoblins
  3 ball pythons
  2 giant newts (D:2)
  7 jackals (D:1)
  4 kobolds
  7 rats
52 creatures vanquished.

Vanquished Creatures (collateral kills)
  An adder (D:2)
1 creature vanquished.

Grand Total: 53 creatures vanquished

Notes
Turn   | Place    | Note
--------------------------------------------------------------
     0 | D:1      | hexophile the Spriggan Monk began the quest for the Orb.
     0 | D:1      | Reached XP level 1. HP: 11/11 MP: 2/2
   137 | D:1      | Reached XP level 2. HP: 14/16 MP: 3/3
   227 | D:1      | Found a sparkling altar of Nemelex Xobeh.
   661 | D:1      | Reached XP level 3. HP: 19/19 MP: 4/4
   857 | D:2      | Reached skill level 5 in Stealth
   906 | D:2      | Found a blossoming altar of Fedhas.
  1224 | D:2      | Found a stormy altar of Qazlal.
  1243 | D:2      | Became a worshipper of Qazlal Stormbringer
  1243 | D:2      | Acquired Qazlal's first power
  1243 | D:2      | Acquired Qazlal's second power
  1987 | D:3      | Reached XP level 4. HP: 23/23 MP: 5/5
  2196 | D:3      | Reached skill level 6 in Stealth
  2196 | D:3      | Reached skill level 1 in Invocations
  2228 | D:3      | Killed from afar by an orc priest

Vault maps used:
D:1:      lightli_arrival_statue_moat, hangedman_decor_opposing, nemelex_deck
D:2:      grunt_temple_overflow_forces_of_nature
D:3:      grunt_ministairs_11, nemelex_dance_club_becter, uniq_iyjb

Action                   |  1- 3 |  4- 6 || total
-------------------------+-------+-------++-------
Melee: Unarmed           |   164 |    37 ||   201
Invok: Upheaval          |       |     1 ||     1
Evoke: Deck              |     2 |       ||     2
       Wand              |       |     1 ||     1
 Stab: Sleeping          |     6 |       ||     6
